 Dungeon Crawl Stone Soup version 0.30-a0-576-g89cddaab80 (webtiles) character file.

Game seed: 5929682167868742547

107 Iich the Magician (level 5, -1/41 HPs)
             Began as a Human Wanderer on Dec 30, 2022.
             Slain by a hound (3 damage)
             ... on level 4 of the Dungeon.
             The game lasted 00:09:50 (3050 turns).

Iich the Magician (Human Wanderer)                  Turns: 3050, Time: 00:09:51

Health: -1/41      AC:  4    Str: 14    XL:     5   Next: 11%
Magic:  10/11      EV: 11    Int: 14    God:
Gold:   112        SH:  0    Dex: 11    Spells: 11/12 levels left

rFire   . . .      SeeInvis .    a - +1 hand axe
rCold   . . .      Faith    .    (no shield)
rNeg    . . .      Spirit   .    c - +0 leather armour
rPois   .          Reflect  .    (no helmet)
rElec   .          Harm     .    (no cloak)
rCorr   .          Rampage  .    (no gloves)
Will    .....                    n - +0 pair of boots
Stlth   +                        (no amulet)
HPRegen 0.26/turn                (no ring)
MPRegen 0.12/turn                (no ring)

@: hasted, very quick
A: no striking features
a: no special abilities


You were on level 4 of the Dungeon.
You visited 1 branch of the dungeon, and saw 5 of its levels.

You collected 112 gold pieces.

Inventory:

Hand Weapons
 a - a +1 hand axe (weapon)
 o - a +0 dagger of venom
Missiles
 d - 3 javelins
Armour
 c - a +0 leather armour (worn)
 n - a +0 pair of boots (worn)
Scrolls
 l - a scroll of vulnerability {unknown}
 q - a scroll of poison {unknown}
 r - a scroll of identify {unknown}
Potions
 f - a potion of degeneration {unknown}
 g - a potion of brilliance {unknown}
 h - a potion of magic
 i - a potion of flight
 j - a potion of might
 m - a potion of lignification {unknown}


   Skills:
 - Level 3.0 Fighting
 + Level 1.0 Axes
 - Level 1.0 Armour
 - Level 0.8 Dodging
 - Level 4.3 Spellcasting
 * Level 3.7 Earth Magic


You had 11 spell levels left.
You knew the following spells:

 Your Spells              Type           Power      Damage    Failure   Level
a - Sandblast             Erth           26%        2d8       4%          1

Your spell library contained the following spells:

 Spells                   Type           Power      Damage    Failure   Level
 Apportation              Tloc           6%         N/A       24%         1
 Necrotise                Necr           12%        1d4       24%         1
 Shock                    Conj/Air       12%        1d3       24%         1
 Summon Small Mammal      Summ           12%        N/A       24%         1
 Blink                    Tloc           6%         N/A       34%         2
 Kindle Blastsparks       Fire/Tloc/Air  6%         2d10      56%         3
 Ozocubu's Armour         Ice            3%         N/A       56%         3
 Metabolic Englaciation   Hex/Ice        1%         N/A       100%        5
 Simulacrum               Ice/Necr       1%         N/A       100%        6


Dungeon Overview and Level Annotations

Branches:
Dungeon (5/15)
 Temple: D:4-7

Altars:
Okawaru
Vehumet
Wu Jian
The Shining One

Annotations:
D:4 Sigmund


Message History

The hound bites you. The hound bites you but does no damage.
You closely miss the hound.
The hound is moderately wounded.
The hound bites you.
Sigmund the Dreaded comes into view.
He is wielding a +0 scythe.
The hound barely misses you.
You hit the hound but do no damage.
The hound is moderately wounded.
The hound barely misses you. The hound bites you.
Sigmund hits you from afar with a +0 scythe.
You hit the hound.
The hound is heavily wounded.
The hound bites you. The hound closely misses you.
You miss the hound.
The hound is heavily wounded.
Sigmund barely misses you. The hound misses you. The hound closely misses you.
The blast of sand hits the hound.
The hound is severely wounded.
The hound bites you but does no damage. Sigmund misses you.
The hound misses you.
The blast of sand misses the hound.
The hound bites you.
Sigmund hits you from afar with a +0 scythe!
* * * LOW HITPOINT WARNING * * *
The hound bites you.
* * * LOW HITPOINT WARNING * * *
The hound bites you.
* * * LOW HITPOINT WARNING * * *
You are too injured to fight recklessly!
Blink to where?
Press: ? - help, Q - select action, (/) - cycle Dir - move target, p - hound
As you read the scroll of blinking, it crumbles to dust.
The hound attacks as you move away! The hound bites you.
* * * LOW HITPOINT WARNING * * *
The hound attacks as you move away! The hound bites you.
* * * LOW HITPOINT WARNING * * *
The hound bites you.
* * * LOW HITPOINT WARNING * * *
Okay, then.
It was a potion of haste.
You feel yourself speed up. The hound bites you.
You die...

###.#.# #.#.# #
##########...# .#
#.........####..#
##..#......§@...#
##...###@#####.##
##..# #.# #..
#..###h# .. ##
#.....@# .# ...
##.##..####.##.##
#.###..÷........
####.###)..>.......
#.......<#..$...#..
#.......##......#
#.........#.#####
#(........#.#
#.........#.#


You could see Sigmund and a hound.

Vanquished Creatures
  Terence (D:2)
  An adder (D:3)
  4 dart slugs
  5 orcs
  4 endoplasms
  2 giant cockroaches (D:1)
  5 goblins
  4 hobgoblins
  4 quokkas
  7 ball pythons
  10 bats
  3 frilled lizards
  7 kobolds
  6 rats
63 creatures vanquished.

Notes
Turn   | Place    | Note
-------+----------+-------------------------------------------
     0 | D:1      | Iich the Human Wanderer began the quest for the Orb.
     0 | D:1      | Iich set off with the following items: a +1 hand axe, a
                  | potion of curing, a +0 leather armour; and the following
                  | spells available to memorise: Sandblast, Shock, Blink,
                  | Kindle Blastsparks.
     0 | D:1      | Reached XP level 1. HP: 18/18 MP: 5/5
     2 | D:1      | Learned a level 1 spell: Sandblast
   141 | D:1      | Reached XP level 2. HP: 24/24 MP: 1/7
   500 | D:1      | Reached skill level 1 in Earth Magic
   695 | D:1      | Reached XP level 3. HP: 29/29 MP: 5/8
  1394 | D:2      | Noticed Terence
  1406 | D:2      | Killed Terence
  1407 | D:2      | Reached XP level 4. HP: 17/35 MP: 3/10
  2394 | D:3      | Found a faded altar of an unknown god.
  2398 | D:3      | Found a radiant altar of Vehumet.
  2536 | D:3      | Found a glowing golden altar of the Shining One.
  2680 | D:3      | Found an iron altar of Okawaru.
  2680 | D:3      | Found an ornate altar of the Wu Jian Council.
  2791 | D:5      | Entered Level 5 of the Dungeon
  2791 | D:5      | Noticed a centaur
  2792 | D:5      | Noticed a necrophage
  2807 | D:3      | Reached XP level 5. HP: 39/41 MP: 3/11
  3039 | D:4      | Noticed Sigmund
  3049 | D:4      | HP: 1/41 [hound (2)]
  3050 | D:4      | Slain by a hound

Illustrated notes

Levels and vault maps discovered:
D:1:      wander_arrival_chamber, layout_loops_ring, minmay_surrounded
D:2:      layout_loops_ring, uniq_terence
D:3:      layout_rooms, mainiacjoe_overflow_paths,
          nicolae_overflow_ecumenical_swirl, amethyst_overflow_temple_binary
D:4:      layout_basic, old_standard_altar, lemuel_coloured_pillars_altar,
          nicolae_overflow_crystal_walls, portal_sewer_entry_d, minivault_14,
          uniq_sigmund
D:5:      layout_cave_pools, uniq_blork_the_orc

Skill      XL: |  1  2  3  4 |
---------------+-------------+-----
Earth Magic    | 1 2 3 |  3.7
Fighting       | |  3.0
Axes           | |  1.0
Armour         | |  1.0
Dodging        | |  0.8
Spellcasting   | |  4.3

Action                   |  1- 3 |  4- 6 || total
-------------------------+-------+-------++-------
Melee: Hand axe          |     8 |    18 ||    26
 Cast: Sandblast         |    66 |    47 ||   113
  Use: Potion            |     2 |     6 ||     8
       Scroll            |       |     2 ||     2
Armor: Leather armour    |    12 |    24 ||    36
Dodge: Dodged            |    17 |    41 ||    58

Table legend: (Time is in decaauts)
 A = Elapsed time spent in this place.
 B = Non-inter-level travel time spent in this place.
 C = Inter-level travel time spent in this place.
 D = Time resting spent in this place.
 E = Time spent auto-exploring this place.
 F = Levels seen in this place.
 G = Mean time per level.
                   A        B        C        D        E       F      G
               +--------+--------+--------+--------+--------+-----+--------+
         Total |   3113 |   3018 |     95 |    160 |   2350 |   5 |  622.6 |
       Dungeon |   3113 |   3018 |     95 |    160 |   2350 |   5 |  622.6 |
               +--------+--------+--------+--------+--------+-----+--------+

Top non-repeatable levels by time:
     D:1: 1217 daAuts
     D:2: 888 daAuts
     D:3: 855 daAuts
     D:4: 149 daAuts
     D:5: 1 daAuts
